Marlies vs Islanders

Created - 10 décembre 2024 at 16:12

Goals
1 2 3 T
Marlies 1 0 0 1
Islanders 0 0 3 3
Shots
1 2 3 T
Marlies 10 12 11 33
Islanders 4 4 7 15

GoalsPenalties
1st period
1. Marlies , Saku Maenalanen 11 (Tommy Miller 3, Nikita Alexandrov 15) at 19:25
Jake Lucchini (TOR) for Hooking (Minor) at 2:43
2nd period
No Goal
Ethan Del Mastro (NYI) for Slashing (Minor) at 3:38
Jonah Gadjovich (TOR) for Tripping (Minor) at 11:05
3rd period
2. Islanders , Ryan Schmelzer 10 (Nicklas Backstrom 12, Matt Coronato 15) at 13:24
3. Islanders , Taro Hirose 7 (Brandon Gignac 2) at 15:07
4. Islanders , Nicklas Backstrom 11 (Matt Coronato 16, Corey Schueneman 3) at 19:14 (Empty Net)
Corey Schueneman (NYI) for Roughing (Minor) at 5:39
Goalie Stats
Arturs Silovs (TOR), 12 saves from 14 shots - (0,857), L, 6-4-4, 59:43 minutes
Hugo Alnefelt (NYI), 32 saves from 33 shots - (0,970), W, 2-4-1, 60:00 minutes
3 StarsOfficial
1 - Hugo Alnefelt (NYI)
2 - Nicklas Backstrom (NYI)
3 - Ryan Schmelzer (NYI)
Referees : Elizabeth Mantha and Kyle Rehman
Linesman : Julien Fournier and Daniel Negreanu
Game Note
Nicklas Backstrom has scored in a empty net!



Team Name Goals Shots Shots Attemp Shots Blocked PIM HIT PP PK FO%
Marlies 1337234310 / 2 (0%)057%
Islanders 3152494200 / 2 (0%)043%

Marlies
Player Name POS G A P +/- PIM HIT SHT SB MP PP MP PP SHT PK MP PK SHT FO% FOT GA TA
Brad RichardsonC0000021013:110:0001:53078% 900
Brett SeneyC/LW0000033012:430:0000:5700% 000
Dillon HeatheringtonD0000002122:531:2902:1500% 001
Dominic ToninatoC0000021014:290:0001:11055% 1110
Filip CederqvistLW/RW0000022011:180:0000:0000% 000
Greg McKeggC/LW0000010013:430:0001:1100% 000
Jake LucchiniC/LW/RW0000203015:471:3900:3000% 110
Jonah GadjovichLW/RW000-2223017:362:1910:1800% 000
Joseph DuszakD0000002020:302:2911:4300% 000
Jujhar KhairaC/LW0000043114:041:3900:00075% 810
Martin FrkRW0000002012:270:0000:000100% 110
Nikita AlexandrovC011-2032016:542:1900:00042% 1910
Patrick BrownC/RW0000052014:581:3900:00050% 210
Ronnie AttardD000-1010023:362:2902:1500% 010
Ryan MerkleyD000-2000018:441:2900:0000% 010
Saku MaenalanenLW/RW101-2046018:502:1911:5600% 030
Tommy MillerD0111011017:400:0001:4300% 010
William WallinderD000-2010116:370:0000:0000% 000
Islanders
Player Name POS G A P +/- PIM HIT SHT SB MP PP MP PP SHT PK MP PK SHT FO% FOT GA TA
Ben MeyersC/LW000-1011022:590:1300:00050% 1601
Brandon GignacC011101007:501:1300:00050% 600
Collin GrafC/RW000-1040223:461:3101:28011% 901
Corey SchuenemanD0110200024:260:0300:3700% 011
David FarranceD000000000:280:0000:0000% 000
Dylan CoghlanD0002003029:362:0802:1300% 004
Emil LillebergD000200009:411:3200:3300% 001
Ethan Del MastroD0001220124:041:2200:5800% 001
Jackson CatesC/LW/RW0001001016:141:3000:280100% 200
Jakub GalvasD000000001:120:0001:1200% 000
Libor HajekD000000004:390:3300:0000% 000
Matt CoronatoRW0222012126:391:4902:04050% 400
Mitchell Vande SompelD000000001:470:0000:0000% 000
Nicklas BackstromC1121033126:131:5900:26055% 1100
Nicolas MelocheD000-1052031:102:3602:2300% 003
Ryan SchmelzerC1012022125:441:3501:4800% 200
Taro HiroseLW1011011318:141:3801:4200% 000
Tyler MaddenC000000001:180:0800:0000% 100

Marlies

5 vs 5 Forward
Line #Left WingCenterRight WingPHYDFOFWanted %Time %Time Play
1Saku MaenalanenNikita AlexandrovJonah Gadjovich0323028%14:26
2Jake LucchiniDominic ToninatoPatrick Brown0322826%13:24
3Greg McKeggJujhar KhairaMartin Frk0322324%12:27
4Brett SeneyBrad RichardsonFilip Cederqvist0321922%11:18
5 vs 5 Defense
Line #DefenseDefensePHYDFOFWanted %Time %Time Play
1Ronnie AttardDillon Heatherington1313636%18:31
2Joseph DuszakTommy Miller1313432%16:35
3Ryan MerkleyWilliam Wallinder1313032%16:29
4Ronnie AttardRyan Merkley12200%0:00
Power Play Forward
Line #Left WingCenterRight WingPHYDFOFWanted %Time %Time Play
1Saku MaenalanenNikita AlexandrovJonah Gadjovich1136058%2:19
2Jake LucchiniJujhar KhairaPatrick Brown1134042%1:39
Power Play Defense
Line #DefenseDefensePHYDFOFWanted %Time %Time Play
1Ronnie AttardJoseph Duszak1226063%2:29
2Dillon HeatheringtonRyan Merkley1224037%1:29
Penalty Kill 4 Players Forward
Line #CenterWingPHYDFOFWanted %Time %Time Play
1Brad RichardsonSaku Maenalanen0326070%2:47
2Dominic ToninatoGreg McKegg1314030%1:11
Penalty Kill 4 Players Defense
Line #DefenseDefensePHYDFOFWanted %Time %Time Play
1Ronnie AttardDillon Heatherington0416057%2:15
2Tommy MillerJoseph Duszak0414043%1:43
Penalty Kill 3 Players
Line #WingPHYDFOFWanted %Time %Time PlayDefenseDefensePHYDFOFWanted %Time %Time Play
1Nikita Alexandrov041600%0:00 Ronnie AttardDillon Heatherington050600%0:00
2Brad Richardson041400%0:00 Tommy MillerJoseph Duszak050400%0:00
4 vs 4 Forward
Line #CenterWingPHYDFOFWanted %Time %Time Play
1Nikita AlexandrovJonah Gadjovich122600%0:00
2Dominic ToninatoGreg McKegg122400%0:00
4 vs 4 Defense
Line #DefensePHYDFOFWanted %Time %Time Play
1Ronnie AttardDillon Heatherington122600%0:00
2Joseph DuszakRyan Merkley122400%0:00
Last Minutes Offensive
Left WingCenterRight WingDefenseDefense
Saku MaenalanenNikita AlexandrovJonah GadjovichRonnie AttardJoseph Duszak
Last Minutes Defensive
Left WingCenterRight WingDefenseDefense
Jake LucchiniJujhar KhairaSaku MaenalanenRonnie AttardDillon Heatherington
Time
Total ForwardTotal DefenseLast Minutes OffensiveLast Minutes Defensive
60:00 60:00 0:290:00
Extra Forwards
Normal PowerPlayPenalty Kill
Nikita Alexandrov, Jonah Gadjovich, Saku MaenalanenNikita Alexandrov, Saku MaenalanenSaku Maenalanen
Extra Defensemen
Normal PowerPlayPenalty Kill
Dillon Heatherington, Ronnie Attard, Ryan MerkleyRonnie Attard, Ronnie AttardDillon Heatherington
Penalty Shots
Nikita Alexandrov, Jonah Gadjovich, Jake Lucchini, Saku Maenalanen, Martin Frk
Goalie
Arturs Silovs, Jiri Patera
Scratches
C.J. Smith (Healthy), Andy Welinski (Healthy), Carsen Twarynski (Healthy), Jermaine Loewen (Healthy), Brett Sutter (Healthy) Alec Regula (Healthy), Lassi Thomson (Chest/Ribs Injury), Michael Vukojevic (Healthy), Nick Albano (Healthy), Sean Josling (Healthy) Jaydon Dureau (Healthy), Nolan Yaremko (Healthy), Ty Glover (Healthy), Tyson Feist (Healthy), Ville Koivunen (Healthy) Ales Stezka (Healthy), Magnus Chrona (Healthy), Joel Blomqvist (Healthy), Victor Brattstrom (Healthy)

Islanders

5 vs 5 Forward
Line #Left WingCenterRight WingPHYDFOFWanted %Time %Time Play
1Matt CoronatoNicklas BackstromRyan Schmelzer1224039%19:59
2Nicklas BackstromBen MeyersMatt Coronato1223035%18:18
3Ryan SchmelzerBen MeyersMatt Coronato1222020%10:23
4Ryan SchmelzerNicklas BackstromMatt Coronato122106%3:04
5 vs 5 Defense
Line #DefenseDefensePHYDFOFWanted %Time %Time Play
1Dylan CoghlanNicolas Meloche1224036%18:32
2Nicolas MelocheCorey Schueneman1223024%12:18
3Dylan CoghlanEthan Del Mastro1222018%9:30
4Corey SchuenemanEthan Del Mastro1221022%11:24
Power Play Forward
Line #Left WingCenterRight WingPHYDFOFWanted %Time %Time Play
1Matt CoronatoNicklas BackstromRyan Schmelzer1226084%3:20
2Matt CoronatoRyan SchmelzerNicklas Backstrom1224016%0:38
Power Play Defense
Line #DefenseDefensePHYDFOFWanted %Time %Time Play
1Dylan CoghlanNicolas Meloche1226084%3:20
2Nicolas MelocheDylan Coghlan1224016%0:38
Penalty Kill 4 Players Forward
Line #CenterWingPHYDFOFWanted %Time %Time Play
1Matt CoronatoRyan Schmelzer12260100%3:58
2Ryan SchmelzerMatt Coronato122400%0:00
Penalty Kill 4 Players Defense
Line #DefenseDefensePHYDFOFWanted %Time %Time Play
1Nicolas MelocheDylan Coghlan1226056%2:13
2Ethan Del MastroNicolas Meloche1224044%1:45
Penalty Kill 3 Players
Line #WingPHYDFOFWanted %Time %Time PlayDefenseDefensePHYDFOFWanted %Time %Time Play
1Matt Coronato122600%0:00 Nicolas MelocheCorey Schueneman122600%0:00
2Matt Coronato122400%0:00 Dylan CoghlanEthan Del Mastro122400%0:00
4 vs 4 Forward
Line #CenterWingPHYDFOFWanted %Time %Time Play
1Matt CoronatoRyan Schmelzer122600%0:00
2Nicklas BackstromMatt Coronato122400%0:00
4 vs 4 Defense
Line #DefensePHYDFOFWanted %Time %Time Play
1Nicolas MelocheDylan Coghlan122600%0:00
2Dylan CoghlanCorey Schueneman122400%0:00
Last Minutes Offensive
Left WingCenterRight WingDefenseDefense
Matt CoronatoNicklas BackstromRyan SchmelzerNicolas MelocheDylan Coghlan
Last Minutes Defensive
Left WingCenterRight WingDefenseDefense
Matt CoronatoNicklas BackstromRyan SchmelzerNicolas MelocheDylan Coghlan
Time
Total ForwardTotal DefenseLast Minutes OffensiveLast Minutes Defensive
60:00 60:00 0:000:20
Extra Forwards
Normal PowerPlayPenalty Kill
Ryan Schmelzer, Nicklas Backstrom, Matt CoronatoMatt Coronato, Ryan SchmelzerMatt Coronato
Extra Defensemen
Normal PowerPlayPenalty Kill
Dylan Coghlan, Corey Schueneman, Nicolas MelocheDylan Coghlan, Corey SchuenemanJakub Galvas
Penalty Shots
Nicklas Backstrom, Matt Coronato, Ben Meyers, Ryan Schmelzer, Collin Graf
Goalie
Hugo Alnefelt, Dennis Hildeby
Scratches
Brent Gates Jr. (Healthy), Dmitry Osipov (Healthy), Ivan Ivan (Healthy), Ryan Hofer (Healthy), Stephen Halliday (Healthy) Jordy Bellerive (Healthy), Matthew Strome (Healthy), Brendan Warren (Healthy), Cameron Hillis (Healthy), Hayden Hodgson (Healthy) Seth Barton (Healthy), Henri Nikkanen (Healthy), Ty Tullio (Healthy), Thomas Milic (Healthy), Mike Smith (Healthy) Hunter Jones (Healthy)


Play-by-Play

1st period


0:01 of 1st period - Nicklas Backstrom wins face-off versus Nikita Alexandrov in neutral zone.
0:05 of 1st period - Slapshot by Nicolas Meloche.
0:05 of 1st period - Stopped by Arturs Silovs with a rebound.
0:07 of 1st period - Slapshot by Dylan Coghlan.
0:07 of 1st period - Stopped by Arturs Silovs without a rebound.
0:08 of 1st period - Nikita Alexandrov wins face-off versus Ryan Schmelzer in Marlies zone.
0:50 of 1st period - Off-side.
0:51 of 1st period - Ben Meyers wins face-off versus Jujhar Khaira in neutral zone.
1:02 of 1st period - Wrist shot by Ben Meyers.
1:02 of 1st period - Stopped by Arturs Silovs without a rebound.
1:03 of 1st period - Brad Richardson wins face-off versus Ben Meyers in Marlies zone.
1:47 of 1st period - Wrist shot by Nikita Alexandrov.
1:47 of 1st period - Deflect By Jonah Gadjovich.
1:47 of 1st period - Stopped by Hugo Alnefelt without a rebound.
1:48 of 1st period - Nikita Alexandrov wins face-off versus Nicklas Backstrom in Islanders zone.
2:43 of 1st period - Minor Penalty to Jake Lucchini for Hooking.
2:44 of 1st period - Brad Richardson wins face-off versus Nicklas Backstrom in Marlies zone.
2:59 of 1st period - Matt Coronato is hit by Brad Richardson and loses puck.
4:43 of 1st period - Penalty to Jake Lucchini is over, Jake Lucchini is back on ice.
5:08 of 1st period - Greg McKegg is hit by Ethan Del Mastro.
5:12 of 1st period - Ben Meyers is hit by Jujhar Khaira and loses puck.
6:31 of 1st period - Libor Hajek is hit by Nikita Alexandrov and loses puck.
6:53 of 1st period - Icing by Jake Lucchini.
6:54 of 1st period - Patrick Brown wins face-off versus Tyler Madden in Marlies zone.
7:53 of 1st period - Nikita Alexandrov is hit by Collin Graf and loses puck.
8:20 of 1st period - Off-side.
8:21 of 1st period - Dominic Toninato wins face-off versus Collin Graf in neutral zone.
9:06 of 1st period - Snap shot by Jackson Cates.
9:06 of 1st period - Shot Blocked by William Wallinder.
9:08 of 1st period - Slapshot by Ethan Del Mastro.
9:08 of 1st period - Shot Misses the Net.
9:18 of 1st period - Backhand shot by Saku Maenalanen.
9:18 of 1st period - Stopped by Hugo Alnefelt without a rebound.
9:19 of 1st period - Nikita Alexandrov wins face-off versus Ben Meyers in Islanders zone.
9:26 of 1st period - Jonah Gadjovich is hit by Nicklas Backstrom and loses puck.
9:45 of 1st period - Collin Graf is hit by Ronnie Attard and loses puck.
9:56 of 1st period - Wrist shot by Jake Lucchini.
9:56 of 1st period - Stopped by Hugo Alnefelt with a rebound.
10:37 of 1st period - Icing by Filip Cederqvist.
10:38 of 1st period - Brandon Gignac wins face-off versus Brad Richardson in Marlies zone.
11:01 of 1st period - Slapshot by Saku Maenalanen.
11:01 of 1st period - Shot Blocked by Ryan Schmelzer.
11:03 of 1st period - Snap shot by Nikita Alexandrov.
11:03 of 1st period - Stopped by Hugo Alnefelt with a rebound.
11:11 of 1st period - Wrist shot by Saku Maenalanen.
11:11 of 1st period - Stopped by Hugo Alnefelt with a rebound.
12:00 of 1st period - Off-side.
12:01 of 1st period - Martin Frk wins face-off versus Collin Graf in neutral zone.
12:53 of 1st period - Wrist shot by Saku Maenalanen.
12:53 of 1st period - Stopped by Hugo Alnefelt with a rebound.
13:07 of 1st period - Dylan Coghlan is hit by Filip Cederqvist and loses puck.
13:44 of 1st period - Snap shot by Jake Lucchini.
13:44 of 1st period - Deflect By Dominic Toninato.
13:44 of 1st period - Shot Blocked by Nicklas Backstrom.
13:44 of 1st period - Puck is out of play.
13:45 of 1st period - Ben Meyers wins face-off versus Jake Lucchini in Islanders zone.
15:49 of 1st period - Collin Graf is hit by Brett Seney.
16:02 of 1st period - Icing by Emil Lilleberg.
16:03 of 1st period - Brandon Gignac wins face-off versus Nikita Alexandrov in Islanders zone.
16:03 of 1st period - Brandon Gignac is hit by Nikita Alexandrov.
16:38 of 1st period - Snap shot by Jujhar Khaira.
16:38 of 1st period - Shot Misses the Net.
16:40 of 1st period - Slapshot by Dillon Heatherington.
16:40 of 1st period - Shot Misses the Net.
16:42 of 1st period - Slapshot by Dillon Heatherington.
16:42 of 1st period - Stopped by Hugo Alnefelt with a rebound.
17:44 of 1st period - Slapshot by Jake Lucchini.
17:44 of 1st period - Stopped by Hugo Alnefelt with a rebound.
17:46 of 1st period - Wrist shot by Dominic Toninato.
17:46 of 1st period - Stopped by Hugo Alnefelt without a rebound.
17:47 of 1st period - Nikita Alexandrov wins face-off versus Ben Meyers in Islanders zone.
17:48 of 1st period - Wrist shot by Saku Maenalanen.
17:48 of 1st period - Shot Misses the Net.
17:56 of 1st period - Jonah Gadjovich is hit by Nicolas Meloche and loses puck.
18:22 of 1st period - Snap shot by Greg McKegg.
18:22 of 1st period - Shot Misses the Net.
18:38 of 1st period - Corey Schueneman is hit by Patrick Brown and loses puck.
18:51 of 1st period - Slapshot by Nicolas Meloche.
18:51 of 1st period - Deflect By Nicklas Backstrom.
18:51 of 1st period - Stopped by Arturs Silovs with a rebound.
19:21 of 1st period - Wrist shot by Nikita Alexandrov.
19:21 of 1st period - Shot Misses the Net.
19:23 of 1st period - Slapshot by Tommy Miller.
19:23 of 1st period - Shot Misses the Net.
19:25 of 1st period - Backhand shot by Saku Maenalanen.
19:25 of 1st period - Goal by Saku Maenalanen - Marlies : 1 - Islanders : 0.
19:26 of 1st period - Nikita Alexandrov wins face-off versus Brandon Gignac in neutral zone.
19:40 of 1st period - Backhand shot by Matt Coronato.
19:40 of 1st period - Shot Misses the Net.
19:42 of 1st period - Snap shot by Ryan Schmelzer.
19:42 of 1st period - Shot Blocked by Dillon Heatherington.
Goals for this period are 1 for Marlies vs 0 for Islanders.
Shots for this period are 10 for Marlies vs 4 for Islanders.

2nd period


0:01 of 2nd period - Dominic Toninato wins face-off versus Ben Meyers in neutral zone.
0:08 of 2nd period - Snap shot by Patrick Brown.
0:08 of 2nd period - Stopped by Hugo Alnefelt without a rebound.
0:09 of 2nd period - Ben Meyers wins face-off versus Dominic Toninato in Islanders zone.
0:18 of 2nd period - Nicolas Meloche is hit by Dominic Toninato and loses puck.
0:23 of 2nd period - Wrist shot by Dominic Toninato.
0:23 of 2nd period - Shot Blocked by Matt Coronato.
0:25 of 2nd period - Snap shot by Patrick Brown.
0:25 of 2nd period - Deflect By Dominic Toninato.
0:25 of 2nd period - Shot Misses the Net.
0:25 of 2nd period - Puck is out of play.
0:26 of 2nd period - Nicklas Backstrom wins face-off versus Jujhar Khaira in Islanders zone.
0:33 of 2nd period - Slapshot by Nicklas Backstrom.
0:33 of 2nd period - Stopped by Arturs Silovs with a rebound.
0:35 of 2nd period - Wrist shot by Nicklas Backstrom.
0:35 of 2nd period - Shot Blocked by Jujhar Khaira.
0:37 of 2nd period - Backhand shot by Nicolas Meloche.
0:37 of 2nd period - Stopped by Arturs Silovs with a rebound.
0:39 of 2nd period - Slapshot by Matt Coronato.
0:39 of 2nd period - Stopped by Arturs Silovs with a rebound.
1:55 of 2nd period - Snap shot by Dominic Toninato.
1:55 of 2nd period - Shot Misses the Net.
1:57 of 2nd period - Wrist shot by William Wallinder.
1:57 of 2nd period - Shot Blocked by Taro Hirose.
1:59 of 2nd period - Snap shot by Jake Lucchini.
1:59 of 2nd period - Stopped by Hugo Alnefelt with a rebound.
2:13 of 2nd period - Taro Hirose is hit by Jujhar Khaira and loses puck.
2:18 of 2nd period - Backhand shot by Jujhar Khaira.
2:18 of 2nd period - Stopped by Hugo Alnefelt with a rebound.
2:20 of 2nd period - Snap shot by Martin Frk.
2:20 of 2nd period - Stopped by Hugo Alnefelt without a rebound.
2:21 of 2nd period - Nicklas Backstrom wins face-off versus Nikita Alexandrov in Islanders zone.
2:28 of 2nd period - Wrist shot by Ryan Schmelzer.
2:28 of 2nd period - Stopped by Arturs Silovs with a rebound.
2:56 of 2nd period - Snap shot by Martin Frk.
2:56 of 2nd period - Deflect By Jujhar Khaira.
2:56 of 2nd period - Stopped by Hugo Alnefelt without a rebound.
2:57 of 2nd period - Jujhar Khaira wins face-off versus Ryan Schmelzer in Islanders zone.
3:38 of 2nd period - Minor Penalty to Ethan Del Mastro for Slashing.
3:39 of 2nd period - Matt Coronato wins face-off versus Nikita Alexandrov in Islanders zone.
3:43 of 2nd period - Taro Hirose is hit by Saku Maenalanen and loses puck.
3:48 of 2nd period - Snap shot by Nikita Alexandrov.
3:48 of 2nd period - Deflect By Jonah Gadjovich.
3:48 of 2nd period - Stopped by Hugo Alnefelt without a rebound.
3:49 of 2nd period - Matt Coronato wins face-off versus Nikita Alexandrov in Islanders zone.
4:12 of 2nd period - Wrist shot by Saku Maenalanen.
4:12 of 2nd period - Stopped by Hugo Alnefelt with a rebound.
4:48 of 2nd period - Snap shot by Jonah Gadjovich.
4:48 of 2nd period - Shot Misses the Net.
4:50 of 2nd period - Snap shot by Joseph Duszak.
4:50 of 2nd period - Stopped by Hugo Alnefelt without a rebound.
4:51 of 2nd period - Jujhar Khaira wins face-off versus Collin Graf in Islanders zone.
5:22 of 2nd period - Taro Hirose is hit by Patrick Brown.
5:38 of 2nd period - Penalty to Ethan Del Mastro is over, Ethan Del Mastro is back on ice.
5:59 of 2nd period - Ben Meyers is hit by Brad Richardson and loses puck.
6:41 of 2nd period - Taro Hirose is hit by Filip Cederqvist and loses puck.
7:24 of 2nd period - Wrist shot by Greg McKegg.
7:24 of 2nd period - Shot Misses the Net.
7:40 of 2nd period - Brandon Gignac is hit by Tommy Miller and loses puck.
7:57 of 2nd period - Emil Lilleberg is hit by Saku Maenalanen and loses puck.
8:26 of 2nd period - Nicolas Meloche is hit by Jujhar Khaira and loses puck.
8:43 of 2nd period - Tommy Miller is hit by Collin Graf and loses puck.
9:22 of 2nd period - Brett Seney is hit by Nicolas Meloche and loses puck.
9:45 of 2nd period - Jake Lucchini is hit by Ben Meyers.
10:24 of 2nd period - Snap shot by Nikita Alexandrov.
10:24 of 2nd period - Shot Misses the Net.
10:40 of 2nd period - Jackson Cates is hit by Dominic Toninato.
11:05 of 2nd period - Minor Penalty to Jonah Gadjovich for Tripping.
11:06 of 2nd period - Brad Richardson wins face-off versus Nicklas Backstrom in Marlies zone.
11:43 of 2nd period - Greg McKegg is hit by Collin Graf and loses puck.
12:38 of 2nd period - Dillon Heatherington is hit by Ryan Schmelzer.
13:05 of 2nd period - Penalty to Jonah Gadjovich is over, Jonah Gadjovich is back on ice.
13:09 of 2nd period - Off-side.
13:10 of 2nd period - Jackson Cates wins face-off versus Dominic Toninato in neutral zone.
13:13 of 2nd period - Snap shot by Corey Schueneman.
13:13 of 2nd period - Shot Misses the Net.
13:23 of 2nd period - Jujhar Khaira is hit by Nicklas Backstrom and loses puck.
13:36 of 2nd period - Ryan Schmelzer is hit by Saku Maenalanen and loses puck.
13:41 of 2nd period - Slapshot by Nikita Alexandrov.
13:41 of 2nd period - Shot Misses the Net.
14:09 of 2nd period - Off-side.
14:10 of 2nd period - Dominic Toninato wins face-off versus Brandon Gignac in neutral zone.
15:09 of 2nd period - Icing by Ronnie Attard.
15:10 of 2nd period - Ben Meyers wins face-off versus Brad Richardson in Marlies zone.
15:47 of 2nd period - Snap shot by Jake Lucchini.
15:47 of 2nd period - Shot Misses the Net.
15:49 of 2nd period - Slapshot by Joseph Duszak.
15:49 of 2nd period - Shot Blocked by Taro Hirose.
15:51 of 2nd period - Snap shot by Dominic Toninato.
15:51 of 2nd period - Shot Misses the Net.
16:07 of 2nd period - Slapshot by Tommy Miller.
16:07 of 2nd period - Stopped by Hugo Alnefelt without a rebound.
16:08 of 2nd period - Brad Richardson wins face-off versus Collin Graf in Islanders zone.
16:11 of 2nd period - Snap shot by Brett Seney.
16:11 of 2nd period - Stopped by Hugo Alnefelt with a rebound.
16:19 of 2nd period - Dillon Heatherington is hit by Nicolas Meloche and loses puck.
16:34 of 2nd period - Dylan Coghlan is hit by Jonah Gadjovich and loses puck.
16:39 of 2nd period - Wrist shot by Nikita Alexandrov.
16:39 of 2nd period - Stopped by Hugo Alnefelt without a rebound.
16:40 of 2nd period - Ben Meyers wins face-off versus Nikita Alexandrov in Islanders zone.
16:40 of 2nd period - Ben Meyers is hit by Saku Maenalanen.
17:08 of 2nd period - Slapshot by Collin Graf.
17:08 of 2nd period - Shot Misses the Net.
17:24 of 2nd period - Snap shot by Martin Frk.
17:24 of 2nd period - Shot Misses the Net.
17:30 of 2nd period - Wrist shot by Jujhar Khaira.
17:30 of 2nd period - Shot Misses the Net.
17:50 of 2nd period - Brandon Gignac is hit by Patrick Brown and loses puck.
18:25 of 2nd period - Dillon Heatherington is hit by Nicklas Backstrom and loses puck.
18:36 of 2nd period - Slapshot by Dillon Heatherington.
18:36 of 2nd period - Stopped by Hugo Alnefelt without a rebound.
18:37 of 2nd period - Brad Richardson wins face-off versus Brandon Gignac in Islanders zone.
19:08 of 2nd period - Ronnie Attard is hit by Nicolas Meloche and loses puck.
19:48 of 2nd period - Snap shot by Jonah Gadjovich.
19:48 of 2nd period - Shot Misses the Net.
Goals for this period are 0 for Marlies vs 0 for Islanders.
Shots for this period are 12 for Marlies vs 4 for Islanders.

3rd period


0:01 of 3rd period - Nikita Alexandrov wins face-off versus Matt Coronato in neutral zone.
0:50 of 3rd period - Wrist shot by Brett Seney.
0:50 of 3rd period - Shot Misses the Net.
0:52 of 3rd period - Snap shot by Filip Cederqvist.
0:52 of 3rd period - Stopped by Hugo Alnefelt with a rebound.
0:54 of 3rd period - Snap shot by Brad Richardson.
0:54 of 3rd period - Shot Misses the Net.
0:56 of 3rd period - Wrist shot by Brett Seney.
0:56 of 3rd period - Stopped by Hugo Alnefelt without a rebound.
0:57 of 3rd period - Brad Richardson wins face-off versus Ben Meyers in Islanders zone.
1:04 of 3rd period - Slapshot by Filip Cederqvist.
1:04 of 3rd period - Shot Misses the Net.
1:06 of 3rd period - Wrist shot by Brad Richardson.
1:06 of 3rd period - Stopped by Hugo Alnefelt without a rebound.
1:07 of 3rd period - Nikita Alexandrov wins face-off versus Ben Meyers in Islanders zone.
1:20 of 3rd period - Wrist shot by Jonah Gadjovich.
1:20 of 3rd period - Stopped by Hugo Alnefelt with a rebound.
1:38 of 3rd period - Snap shot by Jujhar Khaira.
1:38 of 3rd period - Shot Misses the Net.
2:04 of 3rd period - Taro Hirose is hit by Brett Seney and loses puck.
2:35 of 3rd period - Slapshot by Taro Hirose.
2:35 of 3rd period - Deflect By Patrick Brown.
2:35 of 3rd period - Shot Misses the Net.
2:35 of 3rd period - Puck is out of play.
2:36 of 3rd period - Nicklas Backstrom wins face-off versus Nikita Alexandrov in Marlies zone.
3:59 of 3rd period - Snap shot by Patrick Brown.
3:59 of 3rd period - Shot Blocked by Taro Hirose.
4:29 of 3rd period - Wrist shot by Brad Richardson.
4:29 of 3rd period - Shot Misses the Net.
4:31 of 3rd period - Snap shot by Filip Cederqvist.
4:31 of 3rd period - Shot Misses the Net.
4:33 of 3rd period - Snap shot by Filip Cederqvist.
4:33 of 3rd period - Stopped by Hugo Alnefelt without a rebound.
4:34 of 3rd period - Brandon Gignac wins face-off versus Nikita Alexandrov in Islanders zone.
4:34 of 3rd period - Brandon Gignac is hit by Jonah Gadjovich.
4:42 of 3rd period - Snap shot by Saku Maenalanen.
4:42 of 3rd period - Deflect By Jonah Gadjovich.
4:42 of 3rd period - Shot Misses the Net.
4:42 of 3rd period - Puck is out of play.
4:43 of 3rd period - Nicklas Backstrom wins face-off versus Nikita Alexandrov in Islanders zone.
4:43 of 3rd period - Nicklas Backstrom is hit by Nikita Alexandrov.
4:51 of 3rd period - Jonah Gadjovich is hit by Ryan Schmelzer and loses puck.
5:32 of 3rd period - Snap shot by Saku Maenalanen.
5:32 of 3rd period - Shot Misses the Net.
5:34 of 3rd period - Snap shot by Joseph Duszak.
5:34 of 3rd period - Shot Misses the Net.
5:36 of 3rd period - Wrist shot by Saku Maenalanen.
5:36 of 3rd period - Stopped by Hugo Alnefelt without a rebound.
5:37 of 3rd period - Ben Meyers wins face-off versus Patrick Brown in Islanders zone.
5:39 of 3rd period - Minor Penalty to Corey Schueneman for Roughing.
5:40 of 3rd period - Jujhar Khaira wins face-off versus Matt Coronato in Islanders zone.
7:39 of 3rd period - Penalty to Corey Schueneman is over, Corey Schueneman is back on ice.
7:54 of 3rd period - Icing by Brett Seney.
7:55 of 3rd period - Brad Richardson wins face-off versus Ben Meyers in Marlies zone.
9:10 of 3rd period - Ryan Merkley is hit by Ethan Del Mastro and loses puck.
9:17 of 3rd period - Ethan Del Mastro is hit by Patrick Brown and loses puck.
9:30 of 3rd period - Joseph Duszak is hit by Brandon Gignac and loses puck.
9:49 of 3rd period - Slapshot by Joseph Duszak.
9:49 of 3rd period - Stopped by Hugo Alnefelt with a rebound.
10:13 of 3rd period - Corey Schueneman is hit by Greg McKegg and loses puck.
10:26 of 3rd period - Snap shot by Martin Frk.
10:26 of 3rd period - Stopped by Hugo Alnefelt without a rebound.
10:27 of 3rd period - Nikita Alexandrov wins face-off versus Collin Graf in Islanders zone.
11:33 of 3rd period - Off-side.
11:34 of 3rd period - Jackson Cates wins face-off versus Nikita Alexandrov in neutral zone.
12:03 of 3rd period - Snap shot by Brett Seney.
12:03 of 3rd period - Shot Misses the Net.
12:05 of 3rd period - Slapshot by Ryan Merkley.
12:05 of 3rd period - Shot Misses the Net.
12:09 of 3rd period - Wrist shot by Brett Seney.
12:09 of 3rd period - Stopped by Hugo Alnefelt without a rebound.
12:10 of 3rd period - Ben Meyers wins face-off versus Dominic Toninato in Islanders zone.
12:10 of 3rd period - Ben Meyers is hit by Patrick Brown.
12:42 of 3rd period - Slapshot by Ryan Merkley.
12:42 of 3rd period - Deflect By Dominic Toninato.
12:42 of 3rd period - Shot Misses the Net.
12:42 of 3rd period - Puck is out of play.
12:43 of 3rd period - Collin Graf wins face-off versus Dominic Toninato in Islanders zone.
12:48 of 3rd period - Slapshot by Dylan Coghlan.
12:48 of 3rd period - Deflect By Dominic Toninato.
12:48 of 3rd period - Stopped by Arturs Silovs without a rebound.
12:49 of 3rd period - Dominic Toninato wins face-off versus Collin Graf in Marlies zone.
13:12 of 3rd period - Icing by Taro Hirose.
13:13 of 3rd period - Nicklas Backstrom wins face-off versus Nikita Alexandrov in Islanders zone.
13:22 of 3rd period - Slapshot by Nicklas Backstrom.
13:22 of 3rd period - Shot Misses the Net.
13:24 of 3rd period - Snap shot by Ryan Schmelzer.
13:24 of 3rd period - Goal by Ryan Schmelzer - Marlies : 1 - Islanders : 1.
13:25 of 3rd period - Dominic Toninato wins face-off versus Nicklas Backstrom in neutral zone.
14:07 of 3rd period - Slapshot by Jujhar Khaira.
14:07 of 3rd period - Stopped by Hugo Alnefelt with a rebound.
14:13 of 3rd period - Martin Frk is hit by Collin Graf and loses puck.
15:07 of 3rd period - Slapshot by Taro Hirose.
15:07 of 3rd period - Goal by Taro Hirose - Marlies : 1 - Islanders : 2.
15:08 of 3rd period - Jujhar Khaira wins face-off versus Ben Meyers in neutral zone.
15:22 of 3rd period - Slapshot by Matt Coronato.
15:22 of 3rd period - Stopped by Arturs Silovs with a rebound.
16:18 of 3rd period - Off-side.
16:19 of 3rd period - Ben Meyers wins face-off versus Dominic Toninato in neutral zone.
16:45 of 3rd period - Collin Graf is hit by Brett Seney and loses puck.
17:08 of 3rd period - Wrist shot by Patrick Brown.
17:08 of 3rd period - Stopped by Hugo Alnefelt without a rebound.
17:09 of 3rd period - Dominic Toninato wins face-off versus Collin Graf in Islanders zone.
17:16 of 3rd period - Slapshot by Dominic Toninato.
17:16 of 3rd period - Shot Blocked by Ethan Del Mastro.
17:18 of 3rd period - Wrist shot by Jake Lucchini.
17:18 of 3rd period - Shot Blocked by Collin Graf.
17:20 of 3rd period - Slapshot by William Wallinder.
17:20 of 3rd period - Shot Blocked by Collin Graf.
17:36 of 3rd period - William Wallinder is hit by Matt Coronato and loses puck.
18:00 of 3rd period - Dylan Coghlan is hit by William Wallinder and loses puck.
18:23 of 3rd period - Wrist shot by Jackson Cates.
18:23 of 3rd period - Stopped by Arturs Silovs with a rebound.
18:33 of 3rd period - Nicklas Backstrom is hit by Jujhar Khaira and loses puck.
18:45 of 3rd period - Icing by Jujhar Khaira.
18:46 of 3rd period - Jujhar Khaira wins face-off versus Collin Graf in Marlies zone.
18:53 of 3rd period - William Wallinder is hit by Taro Hirose.
18:57 of 3rd period - Marlies, Arturs Silovs is pulled from the net.
19:05 of 3rd period - Jonah Gadjovich is hit by Nicolas Meloche and loses puck.
19:14 of 3rd period - Wrist shot by Nicklas Backstrom.
19:14 of 3rd period - Goal by Nicklas Backstrom - Marlies : 1 - Islanders : 3.
19:14 of 3rd period - Arturs Silovs from Marlies was sent back in the game.
19:15 of 3rd period - Jujhar Khaira wins face-off versus Nicklas Backstrom in neutral zone.
19:18 of 3rd period - Slapshot by Jujhar Khaira.
19:18 of 3rd period - Shot Misses the Net.
19:45 of 3rd period - Snap shot by Dylan Coghlan.
19:45 of 3rd period - Stopped by Arturs Silovs with a rebound.
Goals for this period are 0 for Marlies vs 3 for Islanders.
Shots for this period are 11 for Marlies vs 7 for Islanders.